 Dungeon Crawl Stone Soup version 0.21.1-1-g345015f (webtiles) character file.

6968 Mirai the Thaumaturge (level 10, -3/50 HPs)
             Began as a Deep Elf Conjurer on Mar 28, 2018.
             Killed from afar by a hell hound (27 damage)
             ... with a blast of flame
             ... on level 8 of the Dungeon.
             The game lasted 00:56:22 (9552 turns).

Mirai the Thaumaturge (Deep Elf Conjurer)           Turns: 9552, Time: 00:56:22

Health: -3/50      AC: 12    Str:  5    XL:     10   Next: 81%
Magic:  7/39       EV: 13    Int: 24    God:
Gold:   562        SH:  0    Dex: 15    Spells: 26/37 levels left

rFire    . . .     SeeInvis +   a - +2 spear of Azaikhlili {flame, Stlth+}
rCold    + . .     Gourm    .   (no shield)
rNeg     . . .     Faith    .   E - +2 robe {MR+}
rPois    .         Spirit   .   B - +2 hat {SInv}
rElec    .         Reflect  .   H - scarf {cloud immunity}
rCorr    .         Harm     .   v - +0 pair of gloves
MR       ++...                  u - +1 pair of boots
Stlth    +++.......             (no amulet)
HPRegen  0.16/turn              D - ring of magical power
MPRegen  0.26/turn              G - ring of protection from cold

@: lethally poisoned (-3 -> -11)
A: yellow scales 2
a: no special abilities


You were on level 8 of the Dungeon.
You were not hungry.

You visited 2 branches of the dungeon, and saw 10 of its levels.

You collected 617 gold pieces.
You spent 55 gold pieces at shops.

Inventory:

Hand Weapons
 a - the +2 spear of Azaikhlili (weapon) {flame, Stlth+}
   (You found it on level 8 of the Dungeon)

   It has been specially enchanted to burn those struck by it, causing extra
   injury to most foes and up to half again as much damage against particularly
   susceptible opponents.
   It makes you more stealthy.
Missiles
 s - 2 poisoned tomahawks (quivered)
Armour
 u - a +1 pair of boots (worn)
 v - a +0 pair of gloves (worn)
 B - a +2 hat of see invisible (worn)
 E - a +2 robe of magic resistance (worn)
 H - a scarf of cloud immunity (worn)
Jewellery
 h - a cursed ring of loudness {unknown}
 m - a +4 ring of strength {unknown}
 D - a ring of magical power (left hand)
 G - a ring of protection from cold (right hand)
Wands
 k - a wand of enslavement (16)
 w - a wand of flame (38)
 A - a wand of digging (14)
 F - a wand of acid (6)
Scrolls
 d - a scroll of amnesia
 e - 3 scrolls of remove curse
 f - 5 scrolls of enchant armour
 j - 6 scrolls of teleportation
 l - 5 scrolls of immolation
 p - 3 scrolls of magic mapping
Potions
 g - a potion of berserk rage
 i - 2 potions of flight
 n - a potion of might
 o - a potion of mutation
 q - 2 potions of curing
 r - 3 potions of heal wounds
 I - a potion of resistance {unknown}
Books
 b - a book of Conjurations

   Spells                             Type                      Level
   a - Magic Dart                     Conjuration                  1
   b - Searing Ray                    Conjuration                  2
   c - Dazzling Spray                 Conjuration/Hexes            3
   d - Fulminant Prism                Conjuration/Hexes            4
   e - Force Lance                    Conjuration/Translocation    4
   f - Iskenderun's Mystic Blast      Conjuration                  4
Comestibles
 c - 14 rations
 t - 4 chunks of flesh


   Skills:
 - Level 2.4 Dodging
 - Level 2.4 Stealth
 + Level 14.1 Spellcasting
 * Level 12.0 Conjurations
 - Level 6.0 Hexes
 - Level 5.0 Evocations


You had 26 spell levels left.
You knew the following spells:

 Your Spells              Type           Power        Failure   Level  Hunger
a - Magic Dart            Conj           ####         1%          1    None
b - Searing Ray           Conj           ######       1%          2    None
c - Iskenderun's Mystic   Conj           ######..     1%          4    None
d - Fulminant Prism       Conj/Hex       ######....   1%          4    None


Dungeon Overview and Level Annotations

Branches:
Dungeon (9/15)             Temple (1/1) D:4
   Lair: D:8-11         Orc: D:9-12

Altars:
Ashenzari
Cheibriados
Dithmenos
Elyvilon
Fedhas
Gozag
Hepliaklqana
Kikubaaqudgha
Makhleb
Nemelex Xobeh
Okawaru
Qazlal
Sif Muna
Trog
Uskayaw
Wu Jian
Xom
Yredelemnul
Zin
The Shining One

Shops:
D:7 ![   D:8 ?


Innate Abilities, Weirdness & Mutations

You are mostly covered in yellow scales. (AC +3)


Message History

You see here a poisoned needle.
You feel sick.
The big kobold shouts!
The hell hound bites you.
You climb upwards.
You feel sick.
There is a stone staircase leading down here.
Casting: Searing Ray
Confirm with . or Enter, or press ? or * to list all spells.
Aiming: Searing Ray
Press: ? - help, Shift-Dir - straight line, f - hell hound
Aim: a hell hound The searing ray hits the hell hound.
The hell hound is lightly wounded. (Press . to maintain the ray.)
You feel sick. The hell hound barely misses you.
The searing ray misses the hell hound.
You feel sick. The hell hound breathes flames at you.
The blast of flame hits you!
Ouch! That really hurt!
You die...

..............................##
########.......................#
###.........<.......#####
######.................#
##......................#
####..###.#...#...........##
#....###......#...........# ####
...##............)........###<.♣#
......##.#.#....@......##.......#
......(........h....?.....####♣∩♣
.#..#.................)####.....#
...#.................)......###♣#
.....#......).......(..#.####
...........##........).#.#
..#..#.###.#####......##.###
....##.##.............##...#
..>....########........###.##


You could see a hell hound.

Vanquished Creatures
  Gastronok (D:8)
  A two-headed ogre (D:8)
  Prince Ribbit (D:6)
  Grinder (D:6)
  Sigmund (D:3)
  Grum (D:8)
  Menkaure (D:5)
  Edmund (D:5)
  2 ice beasts
  2 sky beasts
  A phantom (D:5)
  4 wolves
  4 ogres
  2 centaurs
  4 big kobolds (D:3)
  2 bullfrogs
  A gnoll sergeant (D:8)
  A scorpion (D:9)
  4 wights (D:6)
  2 howler monkeys (D:8)
  2 crimson imps
  2 quasits (D:8)
  Crazy Yiuf (D:3)
  2 bullfrog zombies
  4 hounds
  2 jellies
  A bullfrog skeleton (D:5)
  3 orc priests
  A centaur skeleton (D:7)
  16 orc wizards
  Terence (D:3)
  2 iguanas
  7 worker ants
  A hound skeleton (D:4)
  2 worker ant zombies
  7 gnolls
  9 adders
  4 shadow imps
  2 oozes
  An adder skeleton (D:5)
  3 dart slugs
  2 leopard geckos
  41 orcs
  2 ball pythons
  7 giant cockroaches
  13 goblins
  10 hobgoblins
  10 jackals
  4 quokkas
  7 bats
  10 frilled lizards
  64 kobolds
  A leopard gecko zombie (D:7)
  A quokka skeleton (D:7)
  5 rats
287 creatures vanquished.

Vanquished Creatures (others)
  20 fulminant prisms
20 creatures vanquished.

Grand Total: 307 creatures vanquished

Notes
Turn   | Place    | Note
-------+----------+-------------------------------------------
     0 | D:1      | Mirai the Deep Elf Conjurer began the quest for the Orb.
     0 | D:1      | Reached XP level 1. HP: 10/10 MP: 6/6
   144 | D:1      | Reached skill level 4 in Spellcasting
   144 | D:1      | Reached XP level 2. HP: 12/15 MP: 2/9
   282 | D:1      | Gained mutation: You are partially covered in yellow scales. (AC +2) [potion of mutation]
   282 | D:1      | Gained mutation: You are mostly covered in yellow scales. (AC +3) [potion of mutation]
   416 | D:1      | Learned a level 2 spell: Searing Ray
   467 | D:1      | Found a shimmering altar of Xom.
   564 | D:1      | Reached skill level 5 in Spellcasting
   564 | D:1      | Reached XP level 3. HP: 19/19 MP: 5/11
   802 | D:2      | Found a glowing silver altar of Zin.
  1196 | D:2      | Reached skill level 6 in Spellcasting
  1196 | D:2      | Reached XP level 4. HP: 19/24 MP: 7/14
  1323 | D:2      | Found a glowing golden altar of the Shining One.
  1323 | D:2      | Found a faded altar of an unknown god.
  1329 | D:2      | Found a shattered altar of Ashenzari.
  1332 | D:2      | Found a hide-covered altar of Uskayaw.
  1333 | D:2      | Found a white marble altar of Elyvilon.
  1617 | D:3      | Found a stormy altar of Qazlal.
  1634 | D:3      | Found a shattered altar of Ashenzari.
  2205 | D:3      | Reached skill level 7 in Spellcasting
  2230 | D:3      | Reached XP level 5. HP: 25/28 MP: 4/16
  2236 | D:3      | Learned a level 4 spell: Iskenderun's Mystic Blast
  2241 | D:3      | Learned a level 4 spell: Fulminant Prism
  2510 | D:3      | Reached skill level 8 in Spellcasting
  2587 | D:3      | Reached XP level 6. HP: 22/32 MP: 2/19
  2660 | D:3      | Reached skill level 9 in Spellcasting
  3027 | D:3      | Reached skill level 10 in Spellcasting
  3295 | D:3      | Reached XP level 7. HP: 33/36 MP: 19/22
  3394 | D:3      | Noticed Terence
  3402 | D:3      | Killed Terence
  3404 | D:3      | Noticed Sigmund
  3559 | D:3      | Killed Sigmund
  3559 | D:3      | Reached skill level 1 in Hexes
  3559 | D:3      | Reached skill level 1 in Evocations
  3591 | D:3      | Found a runed door.
  3595 | D:3      | Noticed Crazy Yiuf
  3603 | D:3      | Killed Crazy Yiuf
  4063 | D:4      | Reached skill level 5 in Conjurations
  4328 | D:4      | Found a staircase to the Ecumenical Temple.
  4337 | Temple   | Entered the Ecumenical Temple
  4971 | D:5      | Entered Level 5 of the Dungeon
  4992 | D:5      | Noticed Menkaure
  5000 | D:5      | Killed Menkaure
  5000 | D:5      | Reached XP level 8. HP: 41/41 MP: 15/24
  5016 | D:5      | Reached skill level 11 in Spellcasting
  5350 | D:5      | Found a shadowy altar of Dithmenos.
  5350 | D:5      | Noticed Edmund
  5512 | D:5      | Killed Edmund
  5773 | D:5      | Found a burning altar of Makhleb.
  5780 | D:5      | Reached skill level 5 in Hexes
  6476 | D:6      | Noticed Prince Ribbit
  6484 | D:6      | Killed Prince Ribbit
  6484 | D:6      | Reached XP level 9. HP: 36/45 MP: 4/26
  6493 | D:7      | Found Uquener's Distillery.
  6657 | D:7      | Bought a potion of heal wounds for 55 gold pieces
  6659 | D:7      | Found Kiecopn's Armour Shoppe.
  6704 | D:7      | Reached skill level 5 in Evocations
  6768 | D:7      | Found a bloodstained altar of Trog.
  6895 | D:6      | Reached skill level 12 in Spellcasting
  6938 | D:6      | Noticed Grinder
  6952 | D:6      | Paralysed by Grinder for 5 turns
  6959 | D:6      | Killed Grinder
  7336 | D:6      | Found an ornate altar of the Wu Jian Council.
  8287 | D:8      | Noticed Gastronok
  8446 | D:8      | Reached XP level 10. HP: 38/50 MP: 23/28
  8619 | D:8      | Reached skill level 13 in Spellcasting
  8682 | D:8      | Killed Gastronok
  8691 | D:8      | Noticed Grum
  8701 | D:8      | Killed Grum
  8849 | D:8      | Got a crude spear
  8867 | D:8      | Found Qumait's Magic Scroll Shoppe.
  8995 | D:8      | Identified the +2 spear of Azaikhlili {flame, Stlth+} (You found it on level 8 of the Dungeon)
  9130 | D:8      | Found an ancient bone altar of Kikubaaqudgha.
  9282 | D:9      | Noticed a two-headed ogre
  9327 | D:8      | Killed a two-headed ogre
  9327 | D:8      | Reached skill level 14 in Spellcasting
  9552 | D:8      | Killed from afar by a hell hound

Skill      XL: |  1  2  3  4  5  6  7  8  9 10 |
---------------+-------------------------------+-----
Spellcasting   | 4 5 6 7 8 10 11 12 14 | 14.1
Hexes          | 3 5 6 |  6.0
Evocations     | 2 4 5 |  5.0
Conjurations   | 5 6 9 12 | 12.0
Dodging        | |  2.4
Stealth        | |  2.4

Action                   |  1- 3 |  4- 6 |  7- 9 | 10-12 || total
-------------------------+-------+-------+-------+-------++-------
Melee: Unarmed           |     2 |       |       |       ||     2
       Dagger            |     9 |    37 |     1 |       ||    47
       Quarterstaff      |       |       |    17 |       ||    17
Throw: Tomahawk          |       |     4 |       |       ||     4
 Cast: Magic Dart        |    84 |    42 |    44 |     5 ||   175
       Searing Ray       |     2 |    26 |    72 |    20 ||   120
       Fulminant Prism   |       |     4 |    15 |     1 ||    20
       Iskenderun's Myst |       |     6 |    51 |    27 ||    84
Evoke: Wand              |       |       |       |     1 ||     1
  Use: Potion            |     3 |       |     6 |     1 ||    10
       Scroll            |       |       |    16 |     2 ||    18
  Eat: Chunk             |     1 |     5 |    11 |     3 ||    20
       Ration            |       |     1 |     1 |       ||     2
Armor: Robe              |    21 |    31 |    30 |    13 ||    95
       Leather armour    |       |       |     5 |       ||     5
Dodge: Dodged            |    54 |    79 |    84 |    26 ||   243
